 Dungeon Crawl Stone Soup version 0.30.0-13-g156ef70053 (webtiles) character file.

Game seed: 2197479335770444455

193 Renzlar the Shield-Bearer (level 5, -6/47 HPs)
             Began as a Gnoll Fighter on May 18, 2023.
             Mangled by a gnoll
             ... wielding a +2 antimagic halberd
              (8 damage)
             ... on level 3 of the Dungeon.
             The game lasted 00:07:50 (1673 turns).

Renzlar the Shield-Bearer (Gnoll Fighter)           Turns: 1673, Time: 00:07:50

Health: -6/47      AC: 12    Str: 16 (18) XL:     5   Next: 72%
Magic:  0/7        EV:  9    Int:  4 (7)  God:
Gold:   122        SH:  6    Dex: 15 (17) Spells: 7/7 levels left

rFire   . . .        a - +1 war axe
rCold   . . .        c - +0 buckler
rNeg    . . .        b - +2 scale mail
rPois   .            (no helmet)
rElec   .            (no cloak)
rCorr   +            e - +0 pair of gloves
SInv    .            l - +0 pair of boots
Will    .....        (no amulet)
Stlth   +            f - +6 ring of dexterity
HPRegen 0.27/turn    h - ring of resist corrosion
MPRegen 0.10/turn

%: no passive effects
@: no status effects
A: fangs 1, strong nose, distributed training
a: no special abilities


You were on level 3 of the Dungeon.
You visited 1 branch of the dungeon, and saw 3 of its levels.

You collected 122 gold pieces.

Inventory:

Hand Weapons
 a - a +1 war axe (weapon)
 k - a +1 dagger of venom
Missiles
 g - 3 poisoned darts (quivered)
Armour
 b - a +2 scale mail (worn)
 c - a +0 buckler (worn)
 e - a +0 pair of gloves (worn)
 l - a +0 pair of boots (worn)
Jewellery
 f - a +6 ring of dexterity (left hand)
 h - a ring of resist corrosion (right hand)
Scrolls
 m - a scroll of enchant armour
 n - a scroll of fog
 o - 2 scrolls of amnesia
 s - a scroll of teleportation
Potions
 d - a potion of might
 j - a potion of mutation
 p - 2 potions of curing
 r - a potion of flight {unknown}


   Skills:
 + Level 6.7 Fighting
 + Level 1.6 Short Blades
 + Level 1.6 Long Blades
 + Level 4.8 Axes
 + Level 1.6 Maces & Flails
 + Level 1.6 Polearms
 + Level 1.6 Staves
 + Level 1.6 Ranged Weapons
 + Level 1.6 Throwing
 + Level 6.7 Armour
 + Level 1.6 Dodging
 + Level 1.6 Stealth
 + Level 6.7 Shields
 + Level 1.6 Unarmed Combat
 + Level 1.6 Spellcasting
 + Level 1.3 Conjurations
 + Level 1.3 Hexes
 + Level 1.3 Summonings
 + Level 1.3 Necromancy
 + Level 1.3 Translocations
 + Level 1.3 Transmutations
 + Level 1.3 Fire Magic
 + Level 1.3 Ice Magic
 + Level 1.3 Air Magic
 + Level 1.3 Earth Magic
 + Level 1.3 Poison Magic
 + Level 1.9 Invocations
 + Level 1.6 Evocations


You had 7 spell levels left.
You didn't know any spells.
Your spell library contained the following spells:

 Spells                   Type           Power      Damage    Failure   Level
 Beastly Appendage        Tmut           2%         N/A       73%         1
 Poisonous Vapours        Pois/Air       2%         N/A       86%         2
 Wereblood                Tmut           1%         N/A       86%         2
 Mephitic Cloud           Conj/Pois/Air  1%         N/A       97%         3
 Spider Form              Tmut/Pois      1%         N/A       97%         3
 Freezing Cloud           Conj/Ice/Air   0%         6-21      100%        5


Dungeon Overview and Level Annotations

Branches:
Dungeon (3/15)

Altars:

Shops:
D:2 ?


Innate Abilities, Weirdness & Mutations

You have very sharp teeth.
Your uncanny sense of smell can sniff out nearby items.
Your experience applies equally to all skills.


Message History

The gnoll barely misses you.
You see here a +2 antimagic whip.
You barely miss the gnoll.
The gnoll hits you with a +2 antimagic halberd!
* * * LOW HITPOINT WARNING * * *
You block the gnoll's attack.
You hit the gnoll.
The gnoll is lightly wounded.
The gnoll hits you but does no damage.
You hit the gnoll.
The gnoll is moderately wounded.
You block the gnoll's attack.
You closely miss the gnoll.
The gnoll is moderately wounded.
The gnoll hits you with a +2 antimagic halberd.
* * * LOW HITPOINT WARNING * * *
The gnoll barely misses you.
You barely miss the gnoll.
The gnoll is moderately wounded.
The gnoll hits you with a +2 antimagic halberd.
* * * LOW HITPOINT WARNING * * *
You barely miss the gnoll.
The gnoll is moderately wounded.
The gnoll hits you with a +2 antimagic halberd.
* * * LOW HITPOINT WARNING * * *
You feel your power leaking away.
You hit the gnoll but do no damage.
The gnoll is moderately wounded.
The gnoll closely misses you.
Unknown command.
You hit the gnoll.
The gnoll is heavily wounded.
The gnoll hits you but does no damage. The gnoll closely misses you.
You hit the gnoll but do no damage.
The gnoll is heavily wounded.
The gnoll misses you.
You closely miss the gnoll.
The gnoll is heavily wounded.
The gnoll hits you with a +2 antimagic halberd!
You die...

#.###.......# ..
#.......# ##
#.......#
#....†..###
#######...# ###.#
### ####.# ..#
#....##### ..#
#....'@gr# ∆ ..#
#####....###g.....
#######........#
.....
#<.....÷.#####
.... ##.......#
8.. ####.......#
.. ...+....#### #
.###....#
.###....#


You could see 2 gnolls and a rat.

Vanquished Creatures
  An orc priest (D:3)
  2 orc wizards
  A gnoll (D:3)
  2 adders
  3 worms
  4 dart slugs
  5 orcs
  4 endoplasms
  5 giant cockroaches
  5 goblins
  2 hobgoblins
  8 kobolds
  3 quokkas
  7 ball pythons
  4 bats
  3 frilled lizards
  8 rats
67 creatures vanquished.

Notes
Turn   | Place    | Note
-------+----------+-------------------------------------------
     0 | D:1      | Renzlar the Gnoll Fighter began the quest for the Orb.
     0 | D:1      | Reached XP level 1. HP: 23/23 MP: 1/1
    58 | D:1      | Found a faded altar of an unknown god.
    81 | D:1      | Reached XP level 2. HP: 28/29 MP: 2/2
   357 | D:1      | Reached XP level 3. HP: 34/35 MP: 3/3
   525 | D:2      | Found Healucw's Magic Scroll Shop.
   627 | D:2      | Reached skill level 1 in Invocations
   695 | D:2      | Reached skill level 1 in Short Blades
   695 | D:2      | Reached skill level 1 in Long Blades
   695 | D:2      | Reached skill level 1 in Maces & Flails
   695 | D:2      | Reached skill level 1 in Polearms
   695 | D:2      | Reached skill level 1 in Staves
   695 | D:2      | Reached skill level 1 in Ranged Weapons
   695 | D:2      | Reached skill level 1 in Throwing
   695 | D:2      | Reached skill level 1 in Dodging
   695 | D:2      | Reached skill level 1 in Stealth
   695 | D:2      | Reached skill level 1 in Unarmed Combat
   695 | D:2      | Reached skill level 1 in Spellcasting
   695 | D:2      | Reached skill level 1 in Evocations
   700 | D:2      | Reached XP level 4. HP: 17/41 MP: 5/5
   868 | D:2      | Reached skill level 1 in Conjurations
   868 | D:2      | Reached skill level 1 in Hexes
   868 | D:2      | Reached skill level 1 in Summonings
   868 | D:2      | Reached skill level 1 in Necromancy
   868 | D:2      | Reached skill level 1 in Translocations
   868 | D:2      | Reached skill level 1 in Transmutations
   868 | D:2      | Reached skill level 1 in Fire Magic
   868 | D:2      | Reached skill level 1 in Ice Magic
   868 | D:2      | Reached skill level 1 in Air Magic
   868 | D:2      | Reached skill level 1 in Earth Magic
   868 | D:2      | Reached skill level 1 in Poison Magic
  1523 | D:3      | Reached XP level 5. HP: 47/47 MP: 7/7
  1659 | D:3      | HP: 1/47 [gnoll/+2 antimagic whip (5)]
  1669 | D:3      | HP: 1/47 [gnoll/+2 antimagic halberd (5)]
  1673 | D:3      | Mangled by a gnoll

Illustrated notes

Levels and vault maps discovered:
D:1:      minmay_arrival_jagged, layout_rooms, shapermc_ecumenical_altar_gd,
          chequers_serial_rivers_micro_b, minmay_statues_item
D:2:      minmay_diamond_boxcup, layout_rooms, serial_shops, shop
D:3:      layout_basic, trog_antimagical, led_xom_imps

Skill      XL: |  1  2  3  4 |
---------------+-------------+-----
Invocations    | 1 |  1.9
Short Blades   | 1 |  1.6
Long Blades    | 1 |  1.6
Maces & Flails | 1 |  1.6
Polearms       | 1 |  1.6
Staves         | 1 |  1.6
Ranged Weapons | 1 |  1.6
Throwing       | 1 |  1.6
Dodging        | 1 |  1.6
Stealth        | 1 |  1.6
Unarmed Combat | 1 |  1.6
Spellcasting   | 1 |  1.6
Evocations     | 1 |  1.6
Conjurations   | 1 |  1.3
Hexes          | 1 |  1.3
Summonings     | 1 |  1.3
Necromancy     | 1 |  1.3
Translocations | 1 |  1.3
Transmutations | 1 |  1.3
Fire Magic     | 1 |  1.3
Ice Magic      | 1 |  1.3
Air Magic      | 1 |  1.3
Earth Magic    | 1 |  1.3
Poison Magic   | 1 |  1.3
Fighting       | |  6.7
Axes           | |  4.8
Armour         | |  6.7
Shields        | |  6.7

Action                     |  1- 3 |  4- 6 || total
---------------------------+-------+-------++-------
  Melee: War axe           |    92 |   118 ||   210
         Bite              |     6 |     8 ||    14
    Use: Scroll            |     5 |     5 ||    10
         Potion            |       |     3 ||     3
 Armour: Scale mail        |    42 |    56 ||    98
  Dodge: Dodged            |    35 |    43 ||    78
  Block: Buckler           |    23 |    38 ||    61
